 Dungeon Crawl Stone Soup version 0.21-a0-221-gfe971b9 (webtiles) character file.

44 Blomdor the Charlatan (level 3, 0/26 HPs)
             Began as a Barachi Artificer on Aug 26, 2017.
             Succumbed to an adder's poison
             ... on level 2 of the Dungeon.
             The game lasted 00:01:25 (1025 turns).

Blomdor the Charlatan (Barachi Artificer)           Turns: 1025, Time: 00:01:26

Health: 0/26       AC:  3    Str: 14    XL:     3   Next: 60%
Magic:  5/5        EV: 12    Int: 11    God:
Gold:   44         SH:  0    Dex: 12    Spells: 2/2 levels left

rFire    . . .     SeeInvis .   l - +0 hand axe
rCold    . . .     Gourm    .   (no shield)
rNeg     . . .     Faith    .   b - +0 leather armour
rPois    .         Spirit   .   (no helmet)
rElec    .         Reflect  .   (no cloak)
rCorr    .         Harm     .   (no gloves)
MR       .....                  (no boots)
Stlth    +.........             (no amulet)
HPRegen  0.08/turn              (no ring)
MPRegen  0.09/turn              (no ring)

@: lethally poisoned (0 -> -3), berserk cooldown, very slightly contaminated,
slowed, invisible, very slow
A: +LOS, swims, slowness 1, strong legs 1
a: Hop


You were on level 2 of the Dungeon.
You were not hungry.

You visited 1 branch of the dungeon, and saw 2 of its levels.

You collected 44 gold pieces.

Inventory:

Hand Weapons
 l - a +0 hand axe (weapon)
Armour
 b - a +0 leather armour (worn)
Wands
 c - a wand of flame (15/48)
 d - a wand of enslavement (15/24)
 e - a wand of random effects (15/48)
Scrolls
 g - a scroll of enchant armour {unknown}
 i - a scroll of recharging {unknown}
 j - a scroll of identify {unknown}
 m - a scroll of blinking {unknown}
Potions
 k - a potion of berserk rage
Comestibles
 a - 2 chunks of flesh
 f - a bread ration


   Skills:
 - Level 1.6 Fighting
   Level 1.1 Short Blades
 * Level 3.1 Axes
 - Level 0.5 Armour
 - Level 2.1 Dodging
 - Level 0.8 Stealth
 - Level 3.2 Evocations


You had 2 spell levels left.
You didn't know any spells.

Dungeon Overview and Level Annotations

Branches:
Dungeon (2/15)

Altars:
Dithmenos


Innate Abilities, Weirdness & Mutations

Shadows flee at your approach. (+LOS)
You can swim through water.
You cover ground slowly.
You can hop short distances.


Message History

You closely miss the leopard gecko.
You catch the helpless leopard gecko completely off-guard!
You slash the leopard gecko!
You kill the leopard gecko!
No target in view!
No target in view!
Unknown command.
You see here a leopard gecko corpse.
You butcher the leopard gecko corpse.
You feel a strong urge to attack something.
* * * LOW HITPOINT WARNING * * *
You feel sick.
a - 2 chunks of flesh You see here a leopard gecko skeleton.
You feel your anger subside.
You are no longer berserk.
You are exhausted.
You feel yourself slow down.
* * * LOW HITPOINT WARNING * * *
You feel sick.
You die...

##### ### ..... ...# #....
...# ##.... ...#### # # .
# ....# #.....####.##.#..
..##..###..##..........
..###..#..###..... ..
#..##...%.##...###.######
................@........
.##?......)รท##..##.######
####..._...####.# #
.##.........# ..#
.)..............#
#..##.....##....#
#.###..#..###..>#
#.##..###..##...# #.....#
#.......#


There were no monsters in sight!

Vanquished Creatures
  An adder (D:2)
  A dart slug (D:1)
  3 leopard geckos
  4 hobgoblins
  4 jackals (D:1)
  4 kobolds (D:1)
  A ball python (D:1)
  3 bats
  3 frilled lizards
  5 rats
29 creatures vanquished.

Notes
Turn   | Place    | Note
-------+----------+-------------------------------------------
     0 | D:1      | Blomdor the Barachi Artificer began the quest for the Orb.
     0 | D:1      | Reached XP level 1. HP: 15/15 MP: 3/3
   443 | D:1      | Reached skill level 1 in Axes
   443 | D:1      | Reached XP level 2. HP: 18/21 MP: 4/4
   604 | D:1      | Reached XP level 3. HP: 16/26 MP: 5/5
   723 | D:2      | Found a shadowy altar of Dithmenos.
  1023 | D:2      | HP: 1/26 [poisoned by an adder]
  1025 | D:2      | Succumbed to an adder's poison

Vault maps used:
D:1:      minmay_arrival_diagonal_passages
D:2:      kennysheep_big_flooded_room, nicolae_dithmenos_shadow_blocks

Skill      XL: |  1  2  3 |
---------------+----------+-----
Axes           | 1 2 3 |  3.1
Fighting       | |  1.6
Short Blades   | |  1.1
Armour         | |  0.5
Dodging        | |  2.1
Stealth        | |  0.8
Evocations     | |  3.2

Action                   || total
-------------------------++-------
Melee: Short sword       ||    16
       Hand axe          ||    69
  Use: Potion            ||     2
 Stab: Invisible         ||     2
  Eat: Chunk             ||     1
Armor: Leather armour    ||    26
Dodge: Dodged            ||    90

Table legend:
 A = Spawn XP
 B = Non-spawn XP
 C = Spawn XP percentage of total XP
 D = Spawn monster count
 E = Non-spawn monster count
 F = Spawn count percentage of total count
 G = Total turns spent on level
                    A         B        C        D         E        F      G
               +---------+---------+-------+---------+---------+-------+---------
         Total |       4 |      59 |   6.3 |       4 |      25 |  13.8 |  1025
               +---------+---------+-------+---------+---------+-------+---------
           D:1 |       4 |      30 |  11.8 |       4 |      16 |  20.0 |   690
           D:2 |       0 |      29 |   0.0 |       0 |       9 |   0.0 |   335
               +---------+---------+-------+---------+---------+-------+---------
